 Dungeon Crawl Stone Soup version 0.23-a0-586-gacb4b3f (webtiles) character file.

386 inc the Zephyrmancer (level 6, 24/24 HPs)
             Began as a Felid Air Elementalist on Dec 19, 2018.
             Was an Initiate of Fedhas.
             Quit the game on level 7 of the Dungeon.
             The game lasted 00:12:21 (8547 turns).

inc the Zephyrmancer (Felid Air Elementalist)       Turns: 8547, Time: 00:12:21

Health: 24/24      AC:  2    Str:  4    XL:     6   Next: 48%
Magic:  10/10      EV: 18    Int: 18    God:    Fedhas [......]
Gold:   407        SH:  0    Dex: 17    Spells: 0/9 levels left
                                        Lives:  0   Deaths: 2

rFire    . . .     SeeInvis +   (weapon unavailable)
rCold    . . .     Gourm    .   (shield unavailable)
rNeg     . . .     Faith    .   (armour unavailable)
rPois    .         Spirit   .   (helmet unavailable)
rElec    .         Reflect  .   (cloak unavailable)
rCorr    .         Harm     .   (gloves unavailable)
MR       .....                  (boots unavailable)
Stlth    +++.......             (no amulet)
HPRegen  0.08/turn              (no ring)
MPRegen  0.12/turn              (no ring)

@: quick
A: very small, no armour, no weapons or thrown items, stealth, claws 1, fangs 3,
see invisible, carnivore, speed 1, shaggy fur 2, slow metabolism 1, sharp paws
a: Fungal Bloom, Renounce Religion


You were on level 7 of the Dungeon.
You worshipped Fedhas.
Fedhas was noncommittal.
You were not hungry.

You visited 2 branches of the dungeon, and saw 8 of its levels.

You collected 407 gold pieces.

Inventory:

Jewellery
 j - an uncursed ring of ice {unknown}
 s - an uncursed amulet of guardian spirit {unknown}
Wands
 r - a wand of polymorph (9)
Scrolls
 c - a scroll of blinking
 d - a scroll of noise
 i - 2 scrolls of enchant armour
 l - a scroll of remove curse
 m - a scroll of magic mapping
 o - a scroll of amnesia {unknown}
 p - a scroll of teleportation
 z - 2 scrolls of fog
Potions
 a - a potion of magic {unknown}
 e - 3 potions of curing
 f - 3 potions of heal wounds
 g - 2 potions of degeneration
 h - 2 potions of mutation
 k - a potion of brilliance
 n - 2 potions of cancellation
 q - 2 potions of lignification
 t - a potion of might
 u - a potion of flight {unknown}
 v - a potion of agility
 x - a potion of resistance {unknown}
Comestibles
 b - 12 rations


   Skills:
 - Level 2.6 Dodging
 - Level 2.6 Stealth
 - Level 2.0 Spellcasting
 - Level 4.8 Conjurations
 + Level 8.9 Air Magic


You couldn't memorise any spells.
You knew the following spells:

 Your Spells              Type           Power        Failure   Level  Hunger
a - Shock                 Conj/Air       ####         1%          1    #......
b - Static Discharge      Conj/Air       ####....     3%          3    ###....
c - Airstrike             Air            ####......   4%          4    #####..
d - Swiftness             Chrm/Air       ###.....     4%          2    ###....

Your spell library contained the following spells:

 Spells                   Type           Power        Failure   Level  Hunger
 Lightning Bolt           Conj/Air       ####......   30%         5    ######.


Dungeon Overview and Level Annotations

Branches:
Dungeon (7/15)             Temple (1/1) D:6

Altars:
Ashenzari
Cheibriados
Elyvilon
Fedhas
Gozag
Kikubaaqudgha
Makhleb
Nemelex Xobeh
Qazlal
Ru
Sif Muna
Vehumet
Wu Jian
Xom
Zin
The Shining One

Annotations:
D:7 Joseph


Innate Abilities, Weirdness & Mutations

You cannot wear armour.
You are incapable of wielding weapons or throwing items.
Your paws allow you to move quietly. (Stealth)
You have sharp claws.
You have razor-sharp teeth.
You have supernaturally acute eyesight. (SInv)
You are carnivorous and can eat meat at any time.
You cover ground quickly.
You are covered in thick fur. (AC +2)
You have a slow metabolism.
Your sharp claws are effective at attacking unaware monsters.


Message History

You rejoin the land of the living...
Found a small brass amulet.
Found a blossoming altar of Fedhas.
You see here a small brass amulet.
s - a small brass amulet Joseph shoots a sling bullet.
The sling bullet hits you!
Casting: Shock (safe; 1% risk of failure)
Confirm with . or Enter, or press ? or * to list all spells.
Aiming: Airstrike (safe; 4% risk of failure)
Press: ? - help, Dir - move target cursor, f/p - Joseph
Aim: Joseph, wielding a +0 hunting sling and wearing a +3 ring mail of magic The air twists around and strikes Joseph!
Joseph is lightly wounded.
Joseph shoots a sling bullet.
The sling bullet hits you!!
Ouch! That really hurt!
You die...
You are now level 6!
You rejoin the land of the living...
Found an escape hatch in the ceiling.
Are you sure you want to abandon this character and quit the game? (Confirm

#.## ###.## #....
#....####
#.@..##..%....+
####.............#
.......@.........#
..........<......#
......##...#####.#
#.._...##### #.##
#.....# #@.#
#.....# #<.#
#(....# +..#
.(....# #.##
....### ### ....#
....# ....# #####


There were no monsters in sight!

Vanquished Creatures
  An orc warrior (D:6)
  2 ice beasts
  2 phantoms (D:6)
  2 ogres (D:6)
  A scorpion (D:6)
  3 wights (D:6)
  4 crimson imps (D:3)
  A bullfrog zombie (D:6)
  2 hounds
  A jelly (D:5)
  4 orc wizards
  An iguana (D:5)
  5 worker ants
  5 adders
  An ooze (D:3)
  A dart slug (D:1)
  A leopard gecko (D:6)
  19 orcs
  3 giant cockroaches
  8 goblins
  10 hobgoblins
  9 jackals
  13 kobolds
  2 quokkas
  3 ball pythons
  8 bats
  2 frilled lizards (D:3)
  A quokka skeleton (D:4)
  8 rats
123 creatures vanquished.

Notes
Turn   | Place    | Note
-------+----------+-------------------------------------------
     0 | D:1      | inc the Felid Air Elementalist began the quest for the Orb.
     0 | D:1      | Reached XP level 1. HP: 7/7 MP: 4/4
    23 | D:1      | Reached skill level 1 in Conjurations
   466 | D:1      | Reached XP level 2. HP: 11/11 MP: 4/6
  1504 | D:2      | Reached XP level 3. HP: 14/14 MP: 4/7
  1695 | D:2      | Found an opulent altar of Gozag.
  2300 | D:4      | Reached XP level 4. HP: 9/18 MP: 0/8
  2475 | D:4      | Learned a level 3 spell: Static Discharge
  2475 | D:4      | Noticed an ice beast
  2546 | D:4      | Killed an ice beast
  2546 | D:4      | Reached XP level 5. HP: 2/21 MP: 1/9
  3349 | D:3      | Reached skill level 3 in Air Magic
  3908 | D:3      | Found a shimmering altar of Xom.
  4000 | D:3      | Reached skill level 4 in Air Magic
  4000 | D:3      | Gained mutation: You are covered in thick fur. (AC +2)
                  | [Felid growth]
  4000 | D:3      | Reached XP level 6. HP: 24/24 MP: 2/10
  4119 | D:2      | Learned a level 4 spell: Airstrike
  4871 | D:4      | Reached skill level 5 in Air Magic
  5195 | D:5      | Entered Level 5 of the Dungeon
  5646 | D:5      | Noticed an ice beast
  5656 | D:5      | Killed an ice beast
  5656 | D:5      | Reached XP level 7. HP: 12/27 MP: 2/11
  6315 | D:6      | Reached skill level 6 in Air Magic
  6482 | D:6      | Reached skill level 7 in Air Magic
  6902 | D:6      | Reached XP level 8. HP: 31/31 MP: 1/12
  7179 | D:6      | Found a glowing golden altar of the Shining One.
  7196 | D:6      | Learned a level 2 spell: Swiftness
  7245 | D:7      | Noticed Joseph
  7334 | D:6      | Reached skill level 8 in Air Magic
  7892 | D:6      | Found a staircase to the Ecumenical Temple.
  7908 | Temple   | Entered the Ecumenical Temple
  8165 | Temple   | Became a worshipper of Fedhas Madash
  8349 | D:6      | Found a shattered altar of Ashenzari.
  8538 | D:7      | Shot with a sling bullet by Joseph
  8539 | D:7      | Reached XP level 7. HP: -8/27 MP: 10/11
  8539 | D:7      | Found a blossoming altar of Fedhas.
  8546 | D:7      | Shot with a sling bullet by Joseph
  8547 | D:7      | Reached XP level 6. HP: -5/24 MP: 7/10
  8547 | D:7      | Quit the game

Vault maps used:
D:1:      wander_arrival_estate, minmay_splitting_lines, minmay_door_square
D:2:      nicolae_gozag_cash_rules_everything_around_me
D:3:      led_xom_imps
D:4:      chequers_big_river, minmay_distorted
D:5:      first_ration, abandoned_shop
D:6:      cheibrodos_ashenzari_chains, minmay_temple_entry_trees, tso_metal_star
D:7:      grunt_temple_overflow_bloody_war, basic_altar, uniq_joseph,
          uniq_crazy_yiuf_cottage
Temple:   minmay_temple_bridge_abc

Skill      XL: |  1  2  3  4  5  6  7  8 |
---------------+-------------------------+-----
Conjurations   | 1 2 3 4 |  4.8
Air Magic      | 4 5 7 8 |  8.9
Dodging        | |  2.6
Stealth        | |  2.6
Spellcasting   | |  2.0

Action                   |  1- 3 |  4- 6 |  7- 9 || total
-------------------------+-------+-------+-------++-------
Melee: Unarmed           |    11 |    11 |     5 ||    27
       Bite              |     1 |     1 |     1 ||     3
 Cast: Shock             |    94 |   153 |    89 ||   336
       Static Discharge  |       |     2 |       ||     2
       Airstrike         |       |     3 |    19 ||    22
  Use: Scroll            |       |     8 |    11 ||    19
  Eat: Chunk             |     6 |     6 |    13 ||    25
Armor: Skin              |     2 |     3 |     3 ||     8
Dodge: Dodged            |    29 |    45 |    28 ||   102

Table legend:
 A = Non-vault XP
 B = Vault XP
 C = Vault XP percentage of total XP
 D = Non-vault monster count
 E = Vault monster count
 F = Vault count percentage of total count
                 A         B        C        D         E       F
            +---------+---------+-------+---------+---------+-------
      Total |    1900 |     197 |   9.4 |     117 |       6 |   4.9
            +---------+---------+-------+---------+---------+-------
        D:1 |      40 |       0 |   0.0 |      25 |       0 |   0.0
        D:2 |      35 |       0 |   0.0 |      14 |       0 |   0.0
        D:3 |      77 |     194 |  71.6 |      32 |       4 |  11.1
        D:4 |     299 |       3 |   1.0 |      12 |       2 |  14.3
        D:5 |     260 |       0 |   0.0 |       9 |       0 |   0.0
        D:6 |    1189 |       0 |   0.0 |      25 |       0 |   0.0
            +---------+---------+-------+---------+---------+-------
